 Dungeon Crawl Stone Soup version 0.31-a0-801-gc67433417a (webtiles) character file.

Game seed: 6840817400570927318

19924 IndexError the Destroyer (level 12, -6/81 HPs)
             Began as a Gargoyle Earth Elementalist on Sept 20, 2023.
             Was an Elder of Sif Muna.
             Mangled by a polar bear (14 damage)
             ... on level 3 of the Lair of Beasts.
             The game lasted 00:24:52 (15369 turns).

IndexError the Destroyer (GrEE)                    Turns: 15369, Time: 00:24:52

Health: -6/81      AC: 19    Str: 13    XL:     12   Next: 74%
Magic:  20/30      EV: 16    Int: 23    God:    Sif Muna [****..]
Gold:   979        SH:  0    Dex: 10    Spells: 3/23 levels left

rFire   . . .        Q - staff of conjuration {!a}
rCold   . . .        (no shield)
rNeg    + . .        K - +2 robe {Will+}
rPois   ∞            h - +0 helmet {Int+3}
rElec   +            H - +1 cloak {Stlth+}
rCorr   .            d - +1 pair of gloves of Uskayaw's Esteem {+Inv}
SInv    .            (no boots)
Will    +....        (no amulet)
Stlth   +++          p - +5 ring of evasion
HPRegen 0.33/turn    T - ring of magical power {MP+9}
MPRegen 0.22/turn

%: no passive effects
@: no status effects
A: sickness immunity, AC +8, negative energy resistance 1, electricity
resistance, torment resistance 1, petrification resistance
a: Renounce Religion, Evoke Invisibility, Channel Magic, Forget Spell, Divine
Exegesis


You were on level 3 of the Lair of Beasts.
You worshipped Sif Muna.
Sif Muna was greatly pleased with you.
You visited 3 branches of the dungeon, and saw 16 of its levels.

You collected 979 gold pieces.

Inventory:

Hand Weapons
 b - a +1 shortbow of freezing
   (You found it on level 9 of the Dungeon)
 C - the +7 mace "Ytenlagg" {freeze, rElec rF- Str+3}
   (You took it off an orc priest on level 5 of the Dungeon)

   Str+3:     It affects your strength (+3).
   rF-:       It makes you vulnerable to fire.
   rElec:     It insulates you from electricity.
Missiles
 u - 4 curare-tipped darts
 B - 4 javelins
Armour
 d - the +1 pair of gloves of Uskayaw's Esteem (worn) {+Inv}
   (You found it on level 7 of the Dungeon)

   +Inv:      It lets you turn invisible.
 h - a +0 helmet of intelligence (worn)
   (You found it on level 9 of the Dungeon)
 q - a scarf of repulsion
   (You found it on level 11 of the Dungeon)
 F - a +1 leather armour of cold resistance
   (You took it off Duvessa on level 5 of the Dungeon)
 H - a +1 cloak of stealth (worn)
   (You took it off Maurice on level 10 of the Dungeon)
 K - a +2 robe of willpower (worn)
   (You took it off Erica on level 11 of the Dungeon)
Magical Staves
 a - a staff of earth
   (You found it on level 4 of the Dungeon)
 g - a staff of poison {rPois}
   (You found it on level 1 of the Dungeon)
 Q - a staff of conjuration (weapon) {!a}
   (You found it on level 1 of the Lair of Beasts)
Jewellery
 p - a +5 ring of evasion (left hand)
   (You found it on level 2 of the Dungeon)
 O - a +6 ring of intelligence
   (You found it on level 9 of the Dungeon)
 T - a ring of magical power (right hand) {MP+9}
   (You found it on level 2 of the Lair of Beasts)
Wands
 y - a wand of flame (24)
   (You found it on level 4 of the Dungeon)
 G - a wand of paralysis (31)
   (You found it on level 6 of the Dungeon)
 M - a wand of roots (3)
   (You took it off Maurice on level 10 of the Dungeon)
Scrolls
 c - 5 scrolls of blinking {!r}
 i - 3 scrolls of amnesia
 j - 6 scrolls of vulnerability {!r!r}
 k - a scroll of fear
 l - 2 scrolls of poison
 m - 3 scrolls of teleportation
 s - 3 scrolls of summoning
 v - 3 scrolls of revelation
 w - 2 scrolls of immolation {!r}
 z - a scroll of silence
Potions
 e - 4 potions of berserk rage {unknown}
 f - 4 potions of degeneration {unknown}
 n - 3 potions of brilliance
 o - 2 potions of invisibility {unknown}
 r - a potion of attraction {unknown}
 t - 2 potions of might {unknown}
 x - a potion of ambrosia {unknown}
 A - a potion of lignification {!q}
 D - 3 potions of curing {unknown}
 I - 2 potions of enlightenment {unknown}
 L - a potion of resistance
 N - a potion of haste
 R - a potion of magic
 S - a potion of heal wounds {unknown}
Miscellaneous
 P - a sack of spiders
   (You found it on level 10 of the Dungeon)


   Skills:
 - Level 12.0 Fighting
 + Level 5.9 Armour
 - Level 1.5 Dodging
 - Level 2.1 Stealth
 - Level 6.0 Spellcasting
 - Level 12.0 Conjurations
 - Level 0.7 Transmutations
 - Level 8.0 Earth Magic
 + Level 5.9 Invocations
 * Level 7.1 Evocations


You had 3 spell levels left.
You knew the following spells:

 Your Spells              Type           Power      Damage    Failure   Level
a - Sandblast             Erth           86%        2d18      1%          1
b - Searing Ray           Conj           100%       2d8       1%          2
c - Brom's Barrelling Bo  Conj/Erth      68%        2d8       1%          4
d - Fulminant Prism       Conj/Hex       25%        3d14      7%          4
e - Petrify               Tmut/Erth      26%        N/A       14%         4
w - Passwall              Tmut/Erth      21%        N/A       2%          2
x - Stone Arrow           Conj/Erth      100%       3d13      1%          3

Your spell library contained the following spells:

 Spells                   Type           Power      Damage    Failure   Level
 Magic Dart               Conj           100%       1d8       1%          1
 Necrotise                Necr           24%        1d5       9%          1
 Vampiric Draining        Necr           6%         2d6       26%         3
 Anguish                  Hex/Necr       3%         N/A       63%         4
 Cause Fear               Hex            3%         N/A       63%         4
 Agony                    Necr           6%         N/A       93%         5
 Enfeeble                 Hex            3%         N/A       100%        7


Dungeon Overview and Level Annotations

Branches:
Dungeon (11/15)            Temple (0/1) D:7            Lair (3/5) D:10
  Snake (0/4) Lair:2          Orc (2/2) D:11
  Swamp: Lair:2-3    Shoals: Lair:2-3       Elf: Orc:2

Altars:
Gozag
Hepliaklqana
Nemelex Xobeh
Okawaru
Qazlal
Sif Muna
Trog
Uskayaw
Vehumet
Xom
Yredelemnul
The Shining One

Shops:
D:5 (   D:8 [   D:11 (


Innate Abilities, Weirdness & Mutations

You are immune to sickness and miasma.
Your stone body is resilient. (AC +8)
You are immune to poison.
You resist negative energy. (rN+)
You are resistant to electric shocks. (rElec)
You are resistant to unholy torment.
You are immune to petrification.


Message History

Casting: Sandblast (safe; 1% risk of failure)
Confirm with . or Enter, or press ? or * to list all spells.
Aiming: Sandblast (safe; 1% risk of failure)
Press: ? - help, Shift-Dir - straight line, f/p - komodo dragon
Aim: a komodo dragon (moderately wounded, 89% to hit)
The blast of sand hits the komodo dragon but does no damage.
The polar bear closely misses you. The polar bear misses you.
The polar bear claws you but does no damage.
The komodo dragon barely misses you. The polar bear completely misses you.
The polar bear barely misses you. The polar bear claws you.
* * * LOW HITPOINT WARNING * * *
The komodo dragon misses you.
You take 3 damage, and have 16/81 hp.
Casting: Sandblast (safe; 1% risk of failure)
Confirm with . or Enter, or press ? or * to list all spells.
Aiming: Sandblast (safe; 1% risk of failure)
Press: ? - help, Shift-Dir - straight line, f/p - komodo dragon
Aim: a komodo dragon (moderately wounded, 89% to hit)
The blast of sand hits the komodo dragon.
The polar bear barely misses you.
The polar bear claws you but does no damage. x2
The komodo dragon bites you but does no damage.
You now have 25/30 mp.
Casting: Sandblast (safe; 1% risk of failure)
Confirm with . or Enter, or press ? or * to list all spells.
Aiming: Sandblast (safe; 1% risk of failure)
Press: ? - help, Shift-Dir - straight line, f/p - komodo dragon
Aim: a komodo dragon (moderately wounded, 89% to hit)
The blast of sand hits the komodo dragon but does no damage.
The polar bear barely misses you. The polar bear misses you.
The polar bear claws you but does no damage.
The komodo dragon closely misses you. The polar bear completely misses you.
The polar bear barely misses you.
The polar bear claws you but does no damage.
The komodo dragon closely misses you.
You now have 24/30 mp.
Casting: Sandblast (safe; 1% risk of failure)
Confirm with . or Enter, or press ? or * to list all spells.
Aiming: Sandblast (safe; 1% risk of failure)
Press: ? - help, Shift-Dir - straight line, f/p - komodo dragon
Aim: a komodo dragon (moderately wounded, 89% to hit)
The blast of sand hits the komodo dragon!
The polar bear closely misses you.
The polar bear claws you but does no damage.
The polar bear barely misses you. The komodo dragon barely misses you.
Casting: Sandblast (safe; 1% risk of failure)
Confirm with . or Enter, or press ? or * to list all spells.
Aiming: Sandblast (safe; 1% risk of failure)
Press: ? - help, Shift-Dir - straight line, f/p - komodo dragon
Aim: a komodo dragon (heavily wounded, 89% to hit)
The blast of sand hits the komodo dragon!
The polar bear misses you.
The polar bear claws you but does no damage. x2
The komodo dragon closely misses you. The polar bear bites you.
* * * LOW HITPOINT WARNING * * *
The polar bear misses you. x2; The komodo dragon bites you.
* * * LOW HITPOINT WARNING * * *
Casting: Sandblast (safe; 1% risk of failure)
Confirm with . or Enter, or press ? or * to list all spells.
Aiming: Sandblast (safe; 1% risk of failure)
Press: ? - help, Shift-Dir - straight line, f/p - komodo dragon
Aim: a komodo dragon (severely wounded, 89% to hit)
The blast of sand hits the komodo dragon!
The polar bear bites you but does no damage.
The polar bear claws you but does no damage.
The polar bear misses you. The komodo dragon barely misses you.
You take 5 damage, and have 12/81 hp.
You now have 22/30 mp.
Casting: Sandblast (safe; 1% risk of failure)
Confirm with . or Enter, or press ? or * to list all spells.
Aiming: Sandblast (safe; 1% risk of failure)
Press: ? - help, Shift-Dir - straight line, f/p - komodo dragon
Aim: a komodo dragon (almost dead, 89% to hit)
The blast of sand hits the komodo dragon!
Sif Muna accepts your kill. The polar bear bites you.
* * * LOW HITPOINT WARNING * * *
The polar bear claws you but does no damage. x2
The polar bear barely misses you.
The polar bear claws you but does no damage.
The polar bear closely misses you.
You take 5 damage, and have 7/81 hp.
Casting: Sandblast (safe; 1% risk of failure)
Confirm with . or Enter, or press ? or * to list all spells.
Aiming: Sandblast (safe; 1% risk of failure)
Press: ? - help, Shift-Dir - straight line, f - polar bear
Aim: a polar bear (89% to hit)
The blast of sand hits the polar bear!
The polar bear misses you.
The polar bear claws you but does no damage. x2
You now have 21/30 mp.
Casting: Sandblast (safe; 1% risk of failure)
Confirm with . or Enter, or press ? or * to list all spells.
Aiming: Sandblast (safe; 1% risk of failure)
Press: ? - help, Shift-Dir - straight line, f/p - polar bear
Aim: a polar bear (moderately wounded, 89% to hit)
The blast of sand hits the polar bear but does no damage.
The polar bear bites you but does no damage.
The polar bear closely misses you.
The polar bear claws you but does no damage.
The polar bear bites you!
You die...

#...........
.........?.
#.#.....$.#
##.........#
##.........#
##.<.......#
#.........#
#.....@.#
.......h..#
........###
......###
......
.....# ....#
....


You could see a polar bear.

Vanquished Creatures
  Josephine (D:10)
  Erica (D:11)
  A two-headed ogre (D:6)
  Sonja (D:11)
  A deep elf pyromancer (D:10)
  An ugly thing (D:11)
  A cyclops (D:11)
  An elephant (Lair:2)
  Maurice (D:10)
  5 cane toads
  2 unseen horrors
  3 komodo dragons
  A rime drake (Lair:2)
  3 trolls
  A polar bear (Lair:2)
  3 blink frogs (Lair:1)
  Sigmund (D:3)
  19 yaks
  2 shadows
  7 wraiths
  3 wyverns
  A basilisk (Lair:2)
  A warg (Orc:1)
  3 nagas (Lair:2)
  2 acid dragons
  8 water moccasins
  Duvessa (D:5)
  3 orc warriors
  4 black bears
  2 sky beasts
  2 ice beasts
  3 ogres (Orc:1)
  A centaur (D:9)
  8 wolves
  A phantom (D:5)
  A kobold brigand (D:5)
  7 bullfrogs
  2 gnoll sergeants
  2 scorpions
  Dowan (D:5)
  5 wights (D:7)
  12 killer bees
  A jelly (D:5)
  4 howler monkeys
  Crazy Yiuf (D:7)
  4 hounds
  A gnoll bouda (D:7)
  2 orc priests
  2 sleepcaps
  5 iguanas
  10 orc wizards
  16 gnolls
  6 adders
  2 white imps
  2 worms
  4 dart slugs
  21 orcs
  10 endoplasms
  4 giant cockroaches
  4 goblins
  12 hobgoblins
  5 jackals
  5 quokkas
  4 bats
  3 frilled lizards
  9 kobolds
  4 rats
  A spectral orc (D:6)
271 creatures vanquished.

Vanquished Creatures (others)
  3 fulminant prisms
3 creatures vanquished.

Grand Total: 274 creatures vanquished

Notes
Turn   | Place    | Note
-------+----------+-------------------------------------------
     0 | D:1      | IndexError the Gargoyle Earth Elementalist began the quest
                  | for the Orb.
     0 | D:1      | Reached XP level 1. HP: 10/10 MP: 3/3
   366 | D:1      | Reached XP level 2. HP: 15/15 MP: 0/5
   374 | D:1      | Reached skill level 4 in Earth Magic
   774 | D:1      | HP: 3/15 [quokka (2)]
   779 | D:1      | Reached XP level 3. HP: 3/19 MP: 0/6
  1242 | D:2      | Found a hide-covered altar of Uskayaw.
  2120 | D:3      | Noticed Sigmund
  2254 | D:3      | Reached skill level 3 in Spellcasting
  2372 | D:3      | Killed Sigmund
  2373 | D:3      | Reached skill level 4 in Spellcasting
  2373 | D:3      | Reached skill level 5 in Earth Magic
  2373 | D:3      | Reached XP level 4. HP: 14/24 MP: 2/10
  2373 | D:3      | Reached XP level 5. HP: 16/28 MP: 2/11
  2605 | D:3      | Reached skill level 6 in Earth Magic
  2802 | D:3      | Reached XP level 6. HP: 32/32 MP: 8/12
  3252 | D:3      | Found an opulent altar of Gozag.
  3580 | D:4      | Noticed an ice beast
  3583 | D:4      | Killed an ice beast
  3944 | D:4      | Reached skill level 7 in Earth Magic
  3944 | D:4      | Reached XP level 7. HP: 36/36 MP: 11/14
  3950 | D:4      | Reached skill level 5 in Spellcasting
  4430 | D:4      | Learned a level 2 spell: Passwall
  4434 | D:4      | Learned a level 3 spell: Stone Arrow
  4452 | D:5      | Entered Level 5 of the Dungeon
  4792 | D:5      | Reached skill level 8 in Earth Magic
  4853 | D:5      | Reached skill level 6 in Spellcasting
  4870 | D:5      | Reached skill level 1 in Fighting
  4870 | D:5      | Reached skill level 1 in Conjurations
  4870 | D:5      | Reached XP level 8. HP: 43/43 MP: 14/17
  4872 | D:5      | Reached skill level 2 in Fighting
  4872 | D:5      | Reached skill level 2 in Conjurations
  4873 | D:5      | Identified the +7 mace "Ytenlagg" {freeze, rElec rF- Str+3}
  4969 | D:5      | Found a shimmering blue altar of Sif Muna.
  5016 | D:5      | Became a worshipper of Sif Muna the Loreminder
  5034 | D:5      | Found Aveog's Weapon Emporium.
  5365 | D:5      | Noticed Duvessa
  5370 | D:5      | Noticed Dowan
  5371 | D:5      | Killed Duvessa
  5372 | D:5      | Reached skill level 3 in Fighting
  5372 | D:5      | Reached skill level 3 in Conjurations
  5373 | D:5      | Killed Dowan
  5493 | D:6      | Reached skill level 4 in Fighting
  5493 | D:6      | Reached skill level 4 in Conjurations
  5529 | D:6      | Found a bloodstained altar of Trog.
  5720 | D:6      | Found an iron altar of Okawaru.
  5762 | D:6      | Noticed a two-headed ogre
  5766 | D:6      | Killed a two-headed ogre
  5767 | D:6      | Reached skill level 6 in Fighting
  5767 | D:6      | Reached skill level 6 in Conjurations
  5767 | D:6      | Reached XP level 9. HP: 55/55 MP: 15/18
  5970 | D:6      | Found a basalt altar of Yredelemnul.
  6370 | D:7      | Reached skill level 7 in Fighting
  6370 | D:7      | Reached * piety under Sif Muna
  6371 | D:7      | Reached skill level 7 in Conjurations
  6538 | D:7      | Identified the +1 pair of gloves of Uskayaw's Esteem {+Inv}
  6799 | D:7      | Found a runed translucent door.
  6800 | D:7      | Noticed Crazy Yiuf
  6906 | D:7      | Reached skill level 8 in Fighting
  6906 | D:7      | Reached skill level 8 in Conjurations
  7164 | D:7      | Reached XP level 10. HP: 64/64 MP: 16/19
  7194 | D:7      | Found a staircase to the Ecumenical Temple.
  7571 | D:7      | Killed Crazy Yiuf
  7613 | D:8      | Found a shimmering altar of Xom.
  7816 | D:8      | Reached ** piety under Sif Muna
  7937 | D:8      | Found Utoit's Armour Boutique.
  7937 | D:8      | Noticed an animated shadow dragon scales
  7939 | D:8      | Noticed an animated storm dragon scales
  8025 | D:8      | Found a glowing golden altar of the Shining One.
  8512 | D:9      | Reached skill level 9 in Fighting
  8512 | D:9      | Reached skill level 9 in Conjurations
  9351 | D:10     | Entered Level 10 of the Dungeon
  9811 | D:10     | Reached skill level 10 in Fighting
  9811 | D:10     | Reached skill level 10 in Conjurations
 10007 | D:10     | Found a staircase to the Lair.
 10136 | D:10     | Found a sparkling altar of Nemelex Xobeh.
 10274 | D:10     | Noticed a deep elf pyromancer
 10286 | D:10     | Reached XP level 11. HP: 58/73 MP: 17/20
 10291 | D:10     | Killed a deep elf pyromancer
 10292 | D:10     | Reached skill level 11 in Fighting
 10292 | D:10     | Reached skill level 11 in Conjurations
 10543 | D:10     | Noticed Josephine
 10664 | D:10     | Killed Josephine
 10669 | D:10     | Reached *** piety under Sif Muna
 10832 | D:10     | Noticed Maurice
 10848 | D:10     | Something stole a +6 ring of intelligence
 10850 | D:10     | Something stole a sack of spiders
 10856 | D:10     | Killed Maurice
 11240 | D:10     | Learned a level 2 spell: Searing Ray
 11245 | D:10     | Learned a level 4 spell: Brom's Barrelling Boulder
 11250 | D:10     | Learned a level 4 spell: Fulminant Prism
 11255 | D:10     | Learned a level 4 spell: Petrify
 11374 | D:11     | Noticed a brown ugly thing
 11378 | D:11     | Killed a brown ugly thing
 11379 | D:11     | Reached skill level 12 in Fighting
 11379 | D:11     | Reached skill level 12 in Conjurations
 11445 | D:10     | Found a stormy altar of Qazlal.
 11445 | D:10     | Found a radiant altar of Vehumet.
 11448 | D:10     | Found a hazy altar of Hepliaklqana.
 11511 | D:11     | Reached skill level 1 in Armour
 11511 | D:11     | Reached skill level 1 in Evocations
 11516 | D:11     | Reached skill level 1 in Invocations
 11520 | D:11     | HP: 19/76 [yak (11)]
 11525 | D:11     | Reached skill level 2 in Evocations
 11528 | D:11     | HP: 17/76 [yak (2)]
 11732 | D:11     | Reached skill level 2 in Armour
 11732 | D:11     | Reached skill level 2 in Invocations
 11820 | D:11     | Noticed a cyclops
 11825 | D:11     | Killed a cyclops
 11921 | D:11     | Found a staircase to the Orcish Mines.
 11940 | D:11     | Reached skill level 3 in Evocations
 11962 | D:11     | Found Tedef Asaul's Antique Weapon Boutique.
 11996 | D:11     | Noticed Erica
 12000 | D:11     | Noticed Sonja
 12020 | D:11     | Killed Erica
 12027 | D:11     | Killed Sonja
 12028 | D:11     | Reached skill level 3 in Armour
 12028 | D:11     | Reached skill level 3 in Invocations
 12246 | Orc:1    | Entered Level 1 of the Orcish Mines
 12251 | Orc:1    | Reached skill level 4 in Evocations
 12257 | Orc:1    | Reached XP level 12. HP: 69/81 MP: 14/21
 12471 | Orc:2    | Entered Level 2 of the Orcish Mines
 12585 | Orc:1    | Noticed an ettin
 12680 | Lair:1   | Entered Level 1 of the Lair of Beasts
 12900 | Lair:1   | Reached skill level 4 in Armour
 12900 | Lair:1   | Reached skill level 4 in Invocations
 13071 | Lair:1   | Reached skill level 5 in Evocations
 13596 | Lair:1   | Reached skill level 6 in Evocations
 13698 | Lair:1   | Reached skill level 5 in Armour
 14051 | Lair:2   | Reached skill level 5 in Invocations
 14988 | Lair:2   | Found a staircase to the Snake Pit.
 14991 | Lair:2   | Reached **** piety under Sif Muna
 14994 | Lair:2   | Reached skill level 7 in Evocations
 15359 | Lair:3   | HP: 19/81 [polar bear (5)]
 15365 | Lair:3   | HP: 16/81 [polar bear (2)]
 15367 | Lair:3   | HP: 7/81 [polar bear (6)]
 15369 | Lair:3   | Mangled by a polar bear

Illustrated notes

Levels and vault maps discovered:
D:1:      saegor_arrival_simple_a, layout_basic
D:2:      layout_loops_cross, basic_altar, serial_bayou, serial_bayou_ford_a,
          serial_bayou_pond_d, serial_bayou_crossing, serial_bayou_pond_c,
          serial_bayou_shore_b, serial_bayou_pond_d, serial_bayou_lake_a
D:3:      layout_basic, mainiacjoe_overflow_alcove_2, hangedman_glass_teeth,
          uniq_sigmund
D:4:      layout_rooms, hangedman_decor_opposing, grunt_decor_junction
D:5:      dreamdust_elfheim, layout_loops_ring, kennysheep_mini, serial_shops,
          nicolae_shop_pleasant_corner_grove
D:6:      layout_basic, yredelemnul_forgotten_temple_becter,
          mainiacjoe_overflow_surrounded_room, kennysheep_okawaru_gauntlet
D:7:      layout_basic, minmay_temple_entry_grid,
          chequers_serial_rivers_small_a, uniq_crazy_yiuf_cottage
D:8:      layout_basic, tso_oasis_becter, xom_butterflies, serial_shops,
          nicolae_shop_mannequins
D:9:      layout_irregular_city
D:10:     layout_irregular_city, kennysheep_mini_moat,
          nicolae_overflow_hidden_temple, grunt_lair_entry_orc_guard_hut,
          uniq_maurice, uniq_josephine
D:11:     layout_basic, orc_0_dummy, serial_shops, shop,
          hangedman_decor_peaks_small, uniq_erica, uniq_sonja
Lair:1:   layout_cave_pods, chequers_serial_rivers_large_a,
          infiniplex_staircase_pool
Lair:2:   layout_loops_ring, nicolae_snake_entry_squirm, ldierk_geyser,
          grunt_forest_large_clearings
Lair:3:   layout_hall_layers, elwin_shoals_entry_stream
Orc:1:    layout_caves, basic_altar
Orc:2:    st_orc_mages, layout_caves

Skill      XL: |  1  2  3  4  5  6  7  8  9 10 11 12 |
---------------+-------------------------------------+-----
Earth Magic    | 4 5 6 7 8 |  8.0
Spellcasting   | 4 6 |  6.0
Fighting       | 1 6 8 10 12 | 12.0
Conjurations   | 1 6 8 10 12 | 12.0
Armour         | 3 5 |  5.9
Evocations     | 4 7 |  7.1
Invocations    | 3 5 |  5.9
Dodging        | |  1.5
Stealth        | |  2.1
Transmutations | |  0.7

Action                     |  1- 3 |  4- 6 |  7- 9 | 10-12 || total
---------------------------+-------+-------+-------+-------++-------
  Melee: Dagger            |    15 |       |       |       ||    15
         Staff             |       |       |       |     9 ||     9
  Throw: Javelin           |       |       |       |     8 ||     8
   Cast: Sandblast         |    61 |    43 |   148 |   353 ||   605
         Stone Arrow       |       |       |       |    13 ||    13
         Fulminant Prism   |       |       |       |     3 ||     3
Ability: Evoke Invisibilit |       |       |       |     1 ||     1
  Evoke: Wand              |       |       |       |     2 ||     2
    Use: Scroll            |       |       |     8 |    11 ||    19
   Stab: Paralysed         |       |       |       |     1 ||     1
 Armour: Robe              |    24 |     4 |    11 |   114 ||   153
         Leather armour    |       |       |    22 |   166 ||   188
  Dodge: Dodged            |    20 |    13 |    49 |   300 ||   382
   Form: Beast             |     1 |       |       |       ||     1
                           |       |     1 |       |       ||     1

Table legend: (Time is in decaauts)
 A = Elapsed time spent in this place.
 B = Non-inter-level travel time spent in this place.
 C = Inter-level travel time spent in this place.
 D = Time resting spent in this place.
 E = Time spent auto-exploring this place.
 F = Levels seen in this place.
 G = Mean time per level.
                   A        B        C        D        E       F      G
               +--------+--------+--------+--------+--------+-----+--------+
         Total |  15785 |  14148 |   1637 |     26 |  12155 |  16 |  986.6 |
       Dungeon |  12763 |  11388 |   1375 |     26 |   9777 |  11 | 1160.3 |
          Lair |   2651 |   2421 |    230 |      0 |   2084 |   3 |  883.7 |
  Orcish Mines |    369 |    338 |     31 |      0 |    293 |   2 |  184.5 |
               +--------+--------+--------+--------+--------+-----+--------+

Top non-repeatable levels by time:
    D:10: 1975 daAuts
  Lair:1: 1500 daAuts
     D:3: 1459 daAuts
     D:7: 1417 daAuts
     D:2: 1220 daAuts
     D:9: 1142 daAuts
  Lair:2: 1131 daAuts
     D:1: 1083 daAuts
     D:4: 1020 daAuts
    D:11: 997 daAuts
     D:5: 840 daAuts
     D:6: 837 daAuts
     D:8: 768 daAuts
   Orc:1: 336 daAuts
   Orc:2: 33 daAuts

Levels and vault maps discovered:
D:1:      saegor_arrival_simple_a, layout_basic
D:2:      layout_loops_cross, basic_altar, serial_bayou, serial_bayou_ford_a,
          serial_bayou_pond_d, serial_bayou_crossing, serial_bayou_pond_c,
          serial_bayou_shore_b, serial_bayou_pond_d, serial_bayou_lake_a
D:3:      layout_basic, mainiacjoe_overflow_alcove_2, hangedman_glass_teeth,
          uniq_sigmund
D:4:      layout_rooms, hangedman_decor_opposing, grunt_decor_junction
D:5:      dreamdust_elfheim, layout_loops_ring, kennysheep_mini, serial_shops,
          nicolae_shop_pleasant_corner_grove
D:6:      layout_basic, yredelemnul_forgotten_temple_becter,
          mainiacjoe_overflow_surrounded_room, kennysheep_okawaru_gauntlet
D:7:      layout_basic, minmay_temple_entry_grid,
          chequers_serial_rivers_small_a, uniq_crazy_yiuf_cottage
D:8:      layout_basic, tso_oasis_becter, xom_butterflies, serial_shops,
          nicolae_shop_mannequins
D:9:      layout_irregular_city
D:10:     layout_irregular_city, kennysheep_mini_moat,
          nicolae_overflow_hidden_temple, grunt_lair_entry_orc_guard_hut,
          uniq_maurice, uniq_josephine
D:11:     layout_basic, orc_0_dummy, serial_shops, shop,
          hangedman_decor_peaks_small, uniq_erica, uniq_sonja
Lair:1:   layout_cave_pods, chequers_serial_rivers_large_a,
          infiniplex_staircase_pool
Lair:2:   layout_loops_ring, nicolae_snake_entry_squirm, ldierk_geyser,
          grunt_forest_large_clearings
Lair:3:   layout_hall_layers, elwin_shoals_entry_stream
Orc:1:    layout_caves, basic_altar
Orc:2:    st_orc_mages, layout_caves

Table legend: (Time is in decaauts)
 A = Elapsed time spent in this place.
 B = Non-inter-level travel time spent in this place.
 C = Inter-level travel time spent in this place.
 D = Time resting spent in this place.
 E = Time spent auto-exploring this place.
 F = Levels seen in this place.
 G = Mean time per level.
                   A        B        C        D        E       F      G
               +--------+--------+--------+--------+--------+-----+--------+
         Total |  15785 |  14148 |   1637 |     26 |  12155 |  16 |  986.6 |
       Dungeon |  12763 |  11388 |   1375 |     26 |   9777 |  11 | 1160.3 |
          Lair |   2651 |   2421 |    230 |      0 |   2084 |   3 |  883.7 |
  Orcish Mines |    369 |    338 |     31 |      0 |    293 |   2 |  184.5 |
               +--------+--------+--------+--------+--------+-----+--------+

Top non-repeatable levels by time:
    D:10: 1975 daAuts
  Lair:1: 1500 daAuts
     D:3: 1459 daAuts
     D:7: 1417 daAuts
     D:2: 1220 daAuts
     D:9: 1142 daAuts
  Lair:2: 1131 daAuts
     D:1: 1083 daAuts
     D:4: 1020 daAuts
    D:11: 997 daAuts
     D:5: 840 daAuts
     D:6: 837 daAuts
     D:8: 768 daAuts
   Orc:1: 336 daAuts
   Orc:2: 33 daAuts

Table legend:
 A = Kills in this place as a percentage of kills in the entire game.
 B = Kills by you in this place as a percentage of kills by you in the entire game.
 C = Kills by friends in this place as a percentage of kills by friends in the entire game.
 D = Other kills in this place as a percentage of other kills in the entire game.
 E = Experience gained in this place as a percentage of experience gained in the entire game.
 F = Experience gained in this place divided by the number of levels of this place that you have seen.
                   A       B       C       D       E      F
               +-------+-------+-------+-------+-------+----------------------
         Total | 100.0 | 100.0 |   N/A |   N/A | 100.0 | 1778.9
       Dungeon |  81.9 |  81.9 |   N/A |   N/A |  63.5 | 1643.4
          Lair |  16.2 |  16.2 |   N/A |   N/A |  33.5 | 3182.0
  Orcish Mines |   1.8 |   1.8 |   N/A |   N/A |   3.0 | 420.0
               +-------+-------+-------+-------+-------+----------------------
